 Dungeon Crawl Stone Soup version 0.28.0-53-g5a82cb258f (webtiles) character file.

Game seed: 10587361034957897021

7100 issech the Slicer (level 10, -4/81 HPs)
             Began as a Minotaur Monk on May 25, 2022.
             Was a Priest of Hepliaklqana.
             Shot with an arrow by a centaur (5 damage)
             ... on level 9 of the Dungeon.
             The game lasted 00:35:49 (9313 turns).

issech the Slicer (Minotaur Monk)                   Turns: 9313, Time: 00:35:49

Health: -4/81      AC: 26    Str: 22    XL:     10   Next: 84%
Magic:  9/9        EV: 11    Int: 11    God:    Hepliaklqana [***...]
Gold:   430        SH:  0    Dex: 16    Spells: 9/9 levels left

rFire   x . .      SeeInvis .   O - +6 rapier of Jeebuvo {drain, rF- Str+5}
rCold   . . .      Faith    .   (no shield)
rNeg    . . .      Spirit   .   W - +6 chain mail of Untruth {Int+4 Stlth+}
rPois   .          Reflect  .   (helmet restricted)
rElec   .          Harm     .   v - +0 cloak
rCorr   .          Rampage  .   n - +1 pair of gloves
Will    +....                   M - +0 pair of boots
Stlth   ..........              l - amulet of magic regeneration
HPRegen 0.23/turn               G - ring of willpower
MPRegen 0.51/turn               u - +4 ring of protection

@: about to teleport
A: reduced essence, horns 2, retaliatory headbutt
a: Renounce Religion, Recall Ancestor, Ancestor Identity, Transference


You were on level 9 of the Dungeon.
You worshipped Hepliaklqana.
Hepliaklqana was most pleased with you.
You visited 2 branches of the dungeon, and saw 10 of its levels.
You also visited: Sewer.

You collected 587 gold pieces.
You spent 157 gold pieces at shops.

Inventory:

Hand Weapons
 f - a +3 flail
 g - a +0 hunting sling
 k - a +1 war axe of pain
 q - a +0 morningstar of holy wrath
 C - a +3 whip of venom
 H - a +4 battleaxe of draining
 J - a +0 flail of protection
 O - the +6 rapier of Jeebuvo (weapon) {drain, rF- Str+5}
   (You found it on level 5 of the Dungeon)

   A truly terrible weapon, it drains the life of any living foe it strikes.
   Str:       It affects your strength (+5).
   rF:        It makes you vulnerable to fire.
 T - the +5 quarterstaff "Cegiy" {flame, rElec rF+}
   (You found it on level 9 of the Dungeon)

   It burns those it strikes, dealing additional fire damage.
   rF:        It protects you from fire.
   rElec:     It insulates you from electricity.
 U - a +0 longbow
 Z - a +4 long sword
Missiles
 b - 4 boomerangs (quivered)
 d - 307 stones
 p - 28 poisoned darts
 r - 94 sling bullets
 x - 2 throwing nets
 y - 51 arrows
 D - 16 bolts
Armour
 n - a +1 pair of gloves (worn)
 v - a +0 cloak (worn)
 M - a +0 pair of boots (worn)
 P - a +0 plate armour
 W - the +6 chain mail of Untruth (worn) {Int+4 Stlth+}
   (You found it on level 6 of the Dungeon)

   Int:       It affects your intelligence (+4).
   Stlth:     It makes you more stealthy.
 X - the +0 plate armour "Maatto" {-Tele Str+8 Slay-5}
   (You found it on level 6 of the Dungeon)

   Str:       It affects your strength (+8).
   Slay:      It affects your accuracy & damage with ranged weapons and melee
   (-5).
   -Tele:     It prevents most forms of teleportation.
Jewellery
 l - an amulet of magic regeneration (around neck)
 u - a +4 ring of protection (right hand)
 G - a ring of willpower (left hand)
 L - a ring of wizardry
 Q - a ring of protection from cold
 R - a ring of protection from fire
Wands
 h - a wand of acid (10)
 I - a wand of flame (26)
 S - a wand of paralysis (5)
Scrolls
 a - 3 scrolls of fear
 i - a scroll of amnesia
 j - a scroll of acquirement {unknown}
 o - a scroll of holy word
 w - 2 scrolls of teleportation
 F - 2 scrolls of immolation
 K - a scroll of enchant weapon {unknown}
 N - a scroll of summoning
 V - 2 scrolls of enchant armour {unknown}
Potions
 c - 3 potions of haste {unknown}
 e - a potion of ambrosia {unknown}
 m - 3 potions of heal wounds {unknown}
 s - 4 potions of mutation {unknown}
 t - a potion of invisibility {unknown}
 z - a potion of flight {unknown}
 A - 2 potions of curing {unknown}
 B - a potion of lignification {unknown}
 E - a potion of berserk rage {unknown}
 Y - a potion of might {unknown}


   Skills:
 + Level 8.7 Fighting
 + Level 10.1 Short Blades
 + Level 4.1(5.8) Axes
 + Level 6.3(6.9) Maces & Flails
 + Level 4.1 Bows
 + Level 1.2 Throwing
 + Level 9.3 Armour
 + Level 6.6 Dodging
 + Level 3.4 Stealth


You had 9 spell levels left.
You didn't know any spells.
Your spell library contained the following spells:

 Spells                   Type           Power      Damage    Failure   Level
 Foxfire                  Conj/Fire      0%         2x1d4     92%         1
 Conjure Flame            Conj/Fire      0%         6-21      100%        3
 Inner Flame              Hex/Fire       0%         N/A       100%        3
 Cause Fear               Hex            0%         N/A       100%        4
 Flame Wave               Conj/Fire      0%         2d4       100%        4
 Passage of Golubria      Tloc           0%         N/A       100%        4
 Silence                  Hex/Air        0%         N/A       100%        5
 Discord                  Hex            0%         N/A       100%        8
 Lehudib's Crystal Spear  Conj/Erth      0%         10d2      100%        8


Dungeon Overview and Level Annotations

Branches:
Dungeon (9/15)             Temple (1/1) D:4           Sewer (visited)
   Lair: D:8-11         Orc: D:9-12

Altars:
Ashenzari
Cheibriados
Dithmenos
Elyvilon
Fedhas
Gozag
Hepliaklqana
Kikubaaqudgha
Makhleb
Nemelex Xobeh
Okawaru
Qazlal
Ru
Sif Muna
Trog
Uskayaw
Vehumet
Wu Jian
Xom
Yredelemnul
Zin
The Shining One

Shops:
D:2 [   D:5 [*


Innate Abilities, Weirdness & Mutations

Your life essence is reduced to manifest your ancestor. (-10% HP)
You have a pair of horns on your head.
You reflexively headbutt those who attack you in melee.


Message History

The smoke demon gestures at you. The sticky flame hits you.
You are covered in liquid flames!
The centaur wields a +0 shortbow.
The centaur shoots an arrow.
The arrow hits you.
You puncture the howler monkey!
You kill the howler monkey!
You are covered in liquid flames!
You hit the smoke demon.
The smoke demon is lightly wounded.
You are covered in liquid flames!
The centaur shoots an arrow.
The arrow hits you but does no damage.
You hit the smoke demon.
The smoke demon is moderately wounded.
You are covered in liquid flames!
You are no longer on fire.
The smoke demon gestures at you. The ball of steam hits you!!
The steam scalds you terribly!
* * * LOW HITPOINT WARNING * * *
As you read the scroll of teleportation, it crumbles to dust.
You feel strangely unstable.
You are engulfed in a cloud of scalding steam.
The centaur shoots an arrow.
The arrow hits you but does no damage. The smoke demon gestures at you.
The sticky flame hits you but does no damage.
You are covered in liquid flames!
You are engulfed in a cloud of scalding steam.
You are covered in liquid flames!
* * * LOW HITPOINT WARNING * * *
The centaur shoots an arrow.
The arrow barely misses you.
The centaur shoots an arrow.
The arrow hits you.
* * * LOW HITPOINT WARNING * * *
You are covered in liquid flames!
* * * LOW HITPOINT WARNING * * *
You are no longer on fire.
The centaur shoots an arrow.
The arrow hits you but does no damage.
The shadow imp picks up a beetle and eats it.
Unknown command.
The centaur shoots an arrow.
The arrow hits you.
You die...

........# ........#
........# .)......#
#####.### #.# #####.###
........# ###########
........# #§.@.......
........# #....$.....
........# #.3........
........### #.K........
........K.####5.........
........#K3..K.†...)....
........######...c......
######.#### #.........P
#....# #####'###≈


You could see a kobold demonologist, a smoke demon (summoned), a kobold brigand,
a centaur and a shadow imp (summoned).

Vanquished Creatures
  Pikel (D:5)
  A kobold demonologist (D:9)
  A centaur simulacrum (D:9)
  Sigmund (D:4)
  10 yaks
  Eustachio (D:4)
  A wyvern (D:9)
  2 water moccasins
  2 sky beasts (D:5)
  An orc warrior (D:8)
  2 necrophages
  An ogre (D:7)
  2 bullfrogs (D:7)
  Blork the orc (D:4)
  A scorpion (D:5)
  A water moccasin zombie (D:4)
  A water moccasin skeleton (D:5)
  5 killer bees
  13 wights
  3 howler monkeys (D:9)
  2 centaur zombies
  A hound (D:5)
  4 orc priests
  2 bullfrog skeletons
  2 jellies (D:4)
  2 centaur skeletons (D:5)
  An iron imp (D:3)
  Ijyb (D:4)
  2 iguanas
  5 orc wizards
  A killer bee zombie (D:7)
  2 howler monkey zombies
  Robin (D:4)
  5 adders
  2 white imps (D:5)
  2 ufetubi (D:5)
  An adder skeleton (D:5)
  4 worms (D:3)
  A dart slug (D:3)
  16 orcs
  8 ball pythons
  4 bats
  4 endoplasms
  3 giant cockroaches
  16 goblins
  6 hobgoblins
  4 quokkas
  6 frilled lizards
  19 kobolds
  4 rats
182 creatures vanquished.

Vanquished Creatures (collateral kills)
  3 yaks
  2 steam dragons
  An orc warrior (D:8)
  A necrophage (D:6)
  An ice beast (D:7)
  An ogre (D:7)
  2 centaurs (D:8)
  A wyvern zombie (D:9)
  3 killer bees
  A wight (D:9)
  An orc wizard (D:6)
  2 killer bee zombies
  A howler monkey zombie (D:7)
  6 orcs
26 creatures vanquished.

Vanquished Creatures (others)
  3 battlemagi
  10 plants
13 creatures vanquished.

Grand Total: 221 creatures vanquished

Notes
Turn   | Place    | Note
-------+----------+-------------------------------------------
     0 | D:1      | issech the Minotaur Monk began the quest for the Orb.
     0 | D:1      | Reached XP level 1. HP: 19/19 MP: 0/0
   652 | D:2      | Reached XP level 2. HP: 27/27 MP: 1/1
   792 | D:2      | Found an opulent altar of Gozag.
   796 | D:2      | Found a faded altar of an unknown god.
   947 | D:2      | Found Vioqyk's Antique Armour Shop.
   960 | D:2      | Bought a pair of embroidered gloves for 157 gold pieces
  1379 | D:2      | Reached XP level 3. HP: 33/33 MP: 2/2
  1634 | D:3      | Found a glowing drain.
  1643 | Sewer    | Entered a sewer
  1817 | Sewer    | Reached skill level 1 in Short Blades
  1817 | Sewer    | Reached skill level 1 in Armour
  2043 | D:3      | Reached XP level 4. HP: 20/40 MP: 3/3
  2696 | D:3      | Found a snail-covered altar of Cheibriados.
  2708 | D:3      | Reached skill level 2 in Short Blades
  2728 | D:3      | Reached XP level 5. HP: 47/47 MP: 4/4
  3097 | D:4      | Reached skill level 1 in Maces & Flails
  3144 | D:4      | Noticed Sigmund
  3167 | D:4      | Killed Sigmund
  3168 | D:4      | Reached skill level 3 in Short Blades
  3168 | D:4      | Reached XP level 6. HP: 41/55 MP: 5/5
  3499 | D:4      | Reached skill level 5 in Fighting
  3531 | D:4      | Noticed Robin
  3538 | D:4      | Noticed Blork the orc
  3573 | D:4      | Killed Robin
  3605 | D:4      | Killed Blork the orc
  3606 | D:4      | Reached XP level 7. HP: 34/61 MP: 6/6
  3807 | D:4      | Noticed Eustachio
  3826 | D:4      | Killed Eustachio
  3827 | D:4      | Reached skill level 5 in Dodging
  3961 | D:4      | Noticed Ijyb
  3972 | D:4      | Killed Ijyb
  3996 | D:4      | Found a staircase to the Ecumenical Temple.
  4012 | Temple   | Entered the Ecumenical Temple
  4468 | D:4      | Found a sacrificial altar of Ru.
  4766 | D:5      | Entered Level 5 of the Dungeon
  4771 | D:5      | Identified the +6 rapier of Jeebuvo {drain, rF- Str+5}
  4848 | D:5      | Found Nuecvagu's Assorted Antiques.
  4853 | D:5      | Found Rewoned's Armour Shop.
  4881 | D:5      | Found a shadowy altar of Dithmenos.
  4900 | D:5      | Reached skill level 5 in Maces & Flails
  4919 | D:5      | Reached XP level 8. HP: 45/69 MP: 7/7
  4925 | D:5      | Reached skill level 5 in Armour
  5054 | D:5      | Reached skill level 1 in Throwing
  5220 | D:5      | Reached skill level 4 in Short Blades
  5236 | D:5      | Reached skill level 5 in Short Blades
  5518 | D:5      | Found a bloodstained altar of Trog.
  5820 | D:5      | Noticed Pikel
  5831 | D:5      | Killed Pikel
  5832 | D:5      | Reached skill level 6 in Short Blades
  5832 | D:5      | Reached XP level 9. HP: 56/78 MP: 8/8
  6095 | D:6      | Found a hazy altar of Hepliaklqana.
  6096 | D:6      | Found a hide-covered altar of Uskayaw.
  6096 | D:6      | Found a glowing golden altar of the Shining One.
  6096 | D:6      | Found a sparkling altar of Nemelex Xobeh.
  6102 | D:6      | Became a worshipper of Hepliaklqana the Forgotten
  6102 | D:6      | Reached * piety under Hepliaklqana
  6102 | D:6      | Reached ** piety under Hepliaklqana
  6103 | D:6      | Remembered your ancestor Stanko as a battlemage
  6475 | D:6      | Identified the +6 chain mail of Untruth {Int+4 Stlth+}
  6504 | D:6      | Identified the +0 plate armour "Maatto" {-Tele Str+8
                  | Slay-5}
  6620 | D:6      | Reached skill level 7 in Short Blades
  6883 | D:6      | Reached skill level 8 in Short Blades
  7381 | D:7      | Found a shimmering blue altar of Sif Muna.
  7392 | D:7      | Reached XP level 10. HP: 77/77 MP: 9/9
  7747 | D:7      | Reached skill level 9 in Short Blades
  8591 | D:8      | Reached skill level 10 in Short Blades
  8626 | D:8      | Found a radiant altar of Vehumet.
  8631 | D:8      | Reached skill level 1 in Bows
  8749 | D:8      | Found an ancient bone altar of Kikubaaqudgha.
  9042 | D:8      | Found an iron altar of Okawaru.
  9231 | D:9      | Identified the +5 quarterstaff "Cegiy" {flame, rElec rF+}
  9268 | D:9      | Reached *** piety under Hepliaklqana
  9281 | D:9      | Noticed a sun demon
  9302 | D:9      | Noticed a smoke demon
  9312 | D:9      | HP: 1/81 [burnt (9)]
  9313 | D:9      | Shot with an arrow by a centaur

Illustrated notes

Levels and vault maps discovered:
D:1:      lemuel_arrival_broad_hall, layout_basic
D:2:      layout_basic, basic_altar, serial_shops, nicolae_lakefront_shop,
          basic_ecumenical_altar
D:3:      layout_basic, slow_altar_1, cheibrodos_sewer_entry_bend,
          minmay_misc_feat_tiny, minmay_diced_spiral
D:4:      layout_cave_pods, nicolae_ru_sacrificial_ziggurat,
          minmay_temple_entry_proselytizer, kennysheep_potato, uniq_eustachio,
          uniq_ijyb, uniq_sigmund, uniq_blork_the_orc, uniq_robin
D:5:      layout_cave_pods, nicolae_dithmenos_through_a_glass_darkly,
          mainiacjoe_overflow_alcove_1, nicolae_wooded_promenade, uniq_pikel
D:6:      layout_loops_corners, chequers_temple_overflow_statue_of_worship
D:7:      layout_basic, mainiacjoe_overflow_small_starburst,
          nicolae_concentric_dashed_squares_wild
D:8:      layout_rooms, mainiacjoe_overflow_brackets, okawaru_gym_becter,
          fiery_altar_vehumet, abandoned_shop
D:9:      layout_roguey, serial_bayou_lagoon_a, kennysheep_donut,
          hellmonk_scale_shop
Temple:   dpeg_chambers_temple

Skill      XL: |  1  2  3  4  5  6  7  8  9 10 |
---------------+-------------------------------+-----
Fighting       | 4 5 6 7 8 |  8.7
Axes           | 4 |  4.1
Dodging        | 4 5 6 |  6.6
Short Blades   | 1 2 3 6 8 10 | 10.1
Armour         | 1 3 4 6 8 9 |  9.3
Maces & Flails | 2 3 5 6 |  6.3
Stealth        | 2 3 |  3.4
Throwing       | 1 |  1.2
Bows           | 4 |  4.1

Action                   |  1- 3 |  4- 6 |  7- 9 | 10-12 || total
-------------------------+-------+-------+-------+-------++-------
Melee: Short sword       |    71 |     6 |       |       ||    77
       Hand axe          |     5 |       |       |       ||     5
       Headbutt          |    16 |    23 |    41 |    23 ||   103
       Whip              |       |    99 |    65 |       ||   164
       Rapier            |       |       |   138 |   127 ||   265
       Punch             |       |       |     2 |     2 ||     4
 Fire: Longbow           |       |       |       |    33 ||    33
Throw: Boomerang         |       |     4 |     5 |     2 ||    11
Invok: Ancestor Life: Ba |       |       |     1 |       ||     1
  Use: Scroll            |       |       |     5 |     3 ||     8
 Stab: Distracted        |       |       |     3 |     1 ||     4
Armor: Ring mail         |    26 |    42 |    62 |       ||   130
       Plate armour      |       |       |    40 |       ||    40
       Chain mail        |       |       |    15 |    94 ||   109
Dodge: Dodged            |    66 |    67 |   104 |    81 ||   318
